 Dungeon Crawl Stone Soup version 0.29.0-4-gdea44cf6ec (webtiles) character file.

Game seed: 7486450671704930757

2 qw the Sneak (level 1, -2/14 HPs)
             Began as a Gargoyle Delver on Sept 10, 2022.
             Slain by a centaur (5 damage)
             ... on level 5 of the Dungeon.
             The game lasted 00:00:02 (126 turns).

qw the Sneak (Gargoyle Delver)                       Turns: 126, Time: 00:00:02

Health: -2/14      AC:  5    Str: 15    XL:     1   Next: 30%
Magic:  1/1        EV: 11    Int: 10    God:
Gold:   0          SH:  0    Dex: 11    Spells: 0/0 levels left

rFire   . . .      SeeInvis .   a - +0 hand axe
rCold   . . .      Faith    .   (no shield)
rNeg    + . .      Spirit   .   b - +0 leather armour
rPois   inf        Reflect  .   (no helmet)
rElec   +          Harm     .   (no cloak)
rCorr   .          Rampage  .   (no gloves)
Will    .....                   (no boots)
Stlth   +++.......              (no amulet)
HPRegen 0.04/turn               (no ring)
MPRegen 0.07/turn               (no ring)

@: no status effects
A: sickness immunity, AC +2, negative energy resistance 1, electricity
resistance, torment resistance 1, petrification resistance
a: no special abilities


You were on level 5 of the Dungeon.
You visited 1 branch of the dungeon, and saw 1 of its levels.


Innate Abilities, Weirdness & Mutations

You are immune to sickness and miasma.
Your stone body is resilient. (AC +2)
You are immune to poison.
You resist negative energy. (rN+)
You are resistant to electric shocks. (rElec)
You are resistant to unholy torment.
You are immune to petrification.


   Skills:
 - Level 3.2 Fighting
 + Level 2.0 Axes
 - Level 1.5 Dodging
 - Level 5.4 Stealth


You couldn't memorise any spells.
You didn't know any spells.
Your spell library was empty.

Inventory:

Hand Weapons
 a - a +0 hand axe (weapon)
Armour
 b - a +0 leather armour (worn)
Wands
 g - a wand of digging (3)
Scrolls
 c - a scroll of fog
 d - a scroll of magic mapping
 e - a scroll of fear
Potions
 f - a potion of haste

Dungeon Overview and Level Annotations

Branches:
Dungeon (5/15)
 Temple: D:4-7

Altars:


Message History

You start waiting.
Done waiting.
An orc comes into view. It is wielding a +0 dagger.
The orc shouts!
You hear a shout!
An orc comes into view. It is wielding a +0 mace.
You hear a shout!
You hear an angry growl.
119 ||| Stepping ~*~*~tactically~*~*~ (stealth).
An adder comes into view.
120 ||| Stepping ~*~*~tactically~*~*~ (hiding).
An orc comes into view. It is wielding a +0 short sword.
121 ||| Stepping ~*~*~tactically~*~*~ (stealth).
The centaur wields a +0 shortbow.
The centaur shoots an arrow.
The arrow hits you but does no damage.
The orc shouts!
An orc wizard and an orc come into view.
The orc shouts!
The centaur unwields a +0 shortbow.
The centaur misses you.
The centaur kicks you but does no damage.
The centaur hits you.
The centaur kicks you but does no damage.
A black bear comes into view.
You slash the centaur!
The centaur is moderately wounded.
You hit the orc. The centaur hits you. The centaur closely misses you.
The orc hits you with a +0 mace.
You hit the orc.
You kill the orc!
You hit the centaur but do no damage. The centaur hits you.
The centaur closely misses you.
A hound comes into view.
The centaur hits you.
The centaur kicks you but does no damage.
Your Axes skill increases to level 2!
The hound barks!
You hit the centaur.
The centaur is moderately wounded.
You hit the adder but do no damage. The centaur hits you.
You die...

#..##......
#..#....#.# ..
#.......#.# #
..###..##.....# #..
.##..#...##....##....
.........#...........
.....................
..............#......
.........####@# .....
..........# #Sc...#S.
........### #o(o..# .
.........# .....##
.......>.# ..#oo..
.....#...# .####..h.
.#....#..# . ...h.
##.#.##.... ..... #.
#. .##


You could see a black bear, a centaur, a hound, an orc wizard, an adder and 3
orcs.

Vanquished Creatures
  An orc (D:5)
1 creature vanquished.

Notes
Turn   | Place    | Note
-------+----------+-------------------------------------------
     0 | D:5      | qw the Gargoyle Delver began the quest for the Orb.
     0 | D:5      | Reached XP level 1. HP: 14/14 MP: 1/1
     0 | D:5      | 0 ||| qw: Version: 0.1-a-116-g5d60599
     0 | D:5      | 0 ||| qw: Game counter: 8199
     0 | D:5      | 0 ||| qw: Always use a shield: true
     0 | D:5      | 0 ||| qw: God list: Okawaru
     0 | D:5      | 0 ||| qw: Allow faded altars: false
     0 | D:5      | 0 ||| qw: Do Orc after D:15 true
     0 | D:5      | 0 ||| qw: Do second Lair branch before Depths: true
     0 | D:5      | 0 ||| qw: Lair rune preference: random
     0 | D:5      | 0 ||| qw: Plans: Normal
     0 | D:5      | 0 ||| PLANNING D:1-11
     6 | D:5      | Noticed a centaur
     7 | D:5      | 7 ||| Stepping ~*~*~tactically~*~*~ (hiding).
   119 | D:5      | 119 ||| Stepping ~*~*~tactically~*~*~ (stealth).
   120 | D:5      | 120 ||| Stepping ~*~*~tactically~*~*~ (hiding).
   121 | D:5      | 121 ||| Stepping ~*~*~tactically~*~*~ (stealth).
   123 | D:5      | Noticed an orc wizard
   123 | D:5      | Noticed a black bear
   125 | D:5      | Noticed a hound
   125 | D:5      | HP: 3/14 [centaur (2)]
   126 | D:5      | Slain by a centaur

Levels and vault maps discovered:
D:5:      layout_cave_pools, old_standard_altar, uniq_eustachio

Skill      XL: |  1 |
---------------+----+-----
Axes           | 2 |  2.0
Fighting       | |  3.2
Dodging        | |  1.5
Stealth        | |  5.4

Action                   || total
-------------------------++-------
Melee: Hand axe          ||     3
Armor: Leather armour    ||     4
Dodge: Dodged            ||     3

Table legend:
 A = Non-vault XP
 B = Vault XP
 C = Vault XP percentage of total XP
 D = Non-vault monster count
 E = Vault monster count
 F = Vault count percentage of total count
                 A         B        C        D         E       F
            +---------+---------+-------+---------+---------+-------
      Total |       3 |       0 |   0.0 |       1 |       0 |   0.0
            +---------+---------+-------+---------+---------+-------
        D:5 |       3 |       0 |   0.0 |       1 |       0 |   0.0
            +---------+---------+-------+---------+---------+-------
